 Dungeon Crawl Stone Soup version 0.32-a0-484-g2eb335deba (webtiles) character file.

Game seed: 12181968300104141497

40 Alarak the Trooper (level 3, -3/32 HPs)
             Began as a Formicid Fighter on Feb 27, 2024.
             Killed from afar by Sigmund (10 damage)
             ... with a puff of flame
             ... on level 2 of the Dungeon.
             The game lasted 00:02:18 (1031 turns).

Alarak the Trooper (Formicid Fighter)               Turns: 1031, Time: 00:02:19

Health: -3/32      AC:  8    Str: 22    XL:     3   Next: 72%
Magic:  3/3        EV:  9    Int:  7    God:
Gold:   64         SH:  5    Dex: 13    Spells: 2/2 levels left

rFire   . . .        e - +2 hand axe (flame)
rCold   . . .        c - +0 buckler
rNeg    . . .        b - +0 scale mail
rPois   .            (helmet unavailable)
rElec   .            (no cloak)
rCorr   .            (no gloves)
SInv    +            j - +0 pair of boots
Will    .....        (no amulet) Stlth
                     (no ring)
HPRegen 0.25/turn    (no ring)
MPRegen 0.08/turn

%: no passive effects
@: no status effects
A: permanent stasis, dig shafts and tunnels, antennae 3, four strong arms
a: Dig, Shaft Self


You were on level 2 of the Dungeon.
You visited 1 branch of the dungeon, and saw 2 of its levels.

You collected 64 gold pieces.

Inventory:

Hand Weapons
 a - a +0 trident
 e - a +2 hand axe of flaming (weapon)
Armour
 b - a +0 scale mail (worn)
 c - a +0 buckler (worn)
 j - a +0 pair of boots (worn)
Scrolls
 g - 2 scrolls of vulnerability
Potions
 d - a potion of might
 f - a potion of heal wounds
 i - a potion of brilliance {unknown}


   Skills:
 + Level 4.9 Fighting
 - Level 2.0 Polearms
 - Level 3.2 Armour
 - Level 4.0 Shields


You had 2 spell levels left.
You didn't know any spells.
Your spell library contained the following spells:

 Spells                   Type           Power      Damage    Failure   Level
 Inner Flame              Hex/Fire       0%         N/A       99%         3
 Flame Wave               Conj/Fire      0%         2d4       100%        4
 Sticky Flame             Fire/Alch      0%         2d4       100%        4
 Alistair's Intoxication  Alch           0%         N/A       100%        5
 Borgnjor's Vile Clutch   Necr/Erth      0%         N/A       100%        5
 Eringya's Noxious Bog    Alch           0%         4d6       100%        6


Dungeon Overview and Level Annotations

Branches:
Dungeon (2/15)

Altars:

Annotations:
D:2 Sigmund


Innate Abilities, Weirdness & Mutations

You cannot be hasted, slowed, berserked, paralysed or teleported.
You can dig through walls and to a lower floor.
You have a pair of large antennae on your head. (SInv)
Your four strong arms can wield two-handed weapons with a shield.


Message History

Sigmund zaps a wand.
You block the puff of flame.
Found 9 gold pieces and a robe.
Sigmund hits you from afar with a +0 scythe!
The kobold hits you with a +0 dagger. Sigmund hits you but does no damage.
You hit Sigmund. You burn Sigmund.
Sigmund is lightly wounded.
You hit the kobold. You burn the kobold. The kobold hits you with a +0 dagger.
You miss the kobold.
The kobold is heavily wounded.
You barely miss Sigmund.
Sigmund screams, "I am the angel of ZOT!!!"
Sigmund gestures wildly while chanting.
Sigmund flickers and vanishes for a moment.
The kobold hits you with a +0 dagger. The kobold hits you but does no damage.
Sigmund casts a spell at you. The puff of flame hits you.
You closely miss Sigmund.
Sigmund is lightly wounded.
You hit the kobold. You burn the kobold.
You kill the kobold!
Sigmund misses you.
You hit Sigmund but do no damage.
Sigmund is lightly wounded.
Sigmund gestures at you while chanting. The puff of flame hits you.
You barely miss Sigmund.
Sigmund is lightly wounded.
Sigmund closely misses you.
You hit Sigmund. You burn Sigmund.
Sigmund is moderately wounded.
Sigmund barely misses you.
You barely miss Sigmund.
Sigmund is moderately wounded.
Sigmund zaps a wand.
The puff of flame hits you!
* * * LOW HITPOINT WARNING * * *
You closely miss Sigmund.
Sigmund is moderately wounded.
Sigmund zaps a wand.
The puff of flame hits you!
You die...
Sigmund begins carving another notch in his scythe.

≈~~......# ≈~..[....#
#.# ~~.......##.#.##
~$.......##....##
~....$.$.#......###
~........#........
......@)........## ..
.......@.#...>...## ..
.........#.....#..# ..
#..!....)...†####.####.>
~#.....#####..#......(#
##.### ##.........# #.
##........# . ##.......#
~ ##########...)...#
#...<...##...).^<#


You could see Sigmund (invisible).

Vanquished Creatures
  A dart slug (D:1)
  4 orcs (D:2)
  3 bats (D:1)
  3 endoplasms (D:1)
  A giant cockroach (D:1)
  2 goblins (D:1)
  3 hobgoblins
  6 kobolds
  2 quokkas (D:1)
  2 ball pythons (D:1)
  A frilled lizard (D:1)
  2 rats (D:1)
30 creatures vanquished.

Notes
Turn   | Place    | Note
-------+----------+-------------------------------------------
     0 | D:1      | Alarak the Formicid Fighter began the quest for the Orb.
     0 | D:1      | Reached XP level 1. HP: 18/18 MP: 1/1
   106 | D:1      | Reached XP level 2. HP: 25/25 MP: 2/2
   523 | D:1      | Reached XP level 3. HP: 29/31 MP: 3/3
  1018 | D:2      | Noticed Sigmund
  1031 | D:2      | Killed from afar by Sigmund

Illustrated notes

Levels and vault maps discovered:
D:1:      minmay_arrival_five_plusses, layout_basic, nicolae_eternal_life,
          minmay_misc_feat_nine_boxes
D:2:      wander_river, layout_rooms, serial_shops, shop, st_stairs_13,
          uniq_robin, uniq_sigmund

Skill      XL: |  1  2 |
---------------+-------+-----
Fighting       | 4 |  4.9
Polearms       | |  2.0
Armour         | |  3.2
Shields        | |  4.0

Action                     || total
---------------------------++-------
  Melee: Trident           ||    96
         Hand axe          ||    11
    Use: Scroll            ||     3
 Armour: Scale mail        ||    58
  Dodge: Dodged            ||    40
  Block: Buckler           ||    22

Table legend: (Time is in decaauts)
 A = Elapsed time spent in this place.
 B = Non-inter-level travel time spent in this place.
 C = Inter-level travel time spent in this place.
 D = Time resting spent in this place.
 E = Time spent auto-exploring this place.
 F = Levels seen in this place.
 G = Mean time per level.
                   A        B        C        D        E       F      G
               +--------+--------+--------+--------+--------+-----+--------+
         Total |   1055 |   1005 |     50 |     38 |    731 |   2 |  527.5 |
       Dungeon |   1055 |   1005 |     50 |     38 |    731 |   2 |  527.5 |
               +--------+--------+--------+--------+--------+-----+--------+

Top non-repeatable levels by time:
     D:1: 828 daAuts
     D:2: 227 daAuts
